 Dungeon Crawl Stone Soup version 0.29-a0-1027-gcd8c55af63 (webtiles) character file.

Game seed: 1604762196474999904

91 wilfster70 the Sneak (level 4, -3/24 HPs)
             Began as a Kobold Enchanter on Aug 13, 2022.
             Killed by nerve-wracking pain
             ... invoked by Grinder
              (13 damage)
             ... on level 4 of the Dungeon.
             The game lasted 00:07:24 (4252 turns).

wilfster70 the Sneak (Kobold Enchanter)             Turns: 4252, Time: 00:07:25

Health: -3/24      AC:  2    Str:  5    XL:     4   Next: 88%
Magic:  6/9        EV: 15    Int: 18    God:
Gold:   165        SH:  0    Dex: 15    Spells: 4/9 levels left

rFire   . . .      SeeInvis .   a - +0 dagger (drain)
rCold   . . .      Faith    .   (no shield)
rNeg    . . .      Spirit   .   b - +0 robe
rPois   .          Reflect  .   (no helmet)
rElec   .          Harm     .   (no cloak)
rCorr   .          Rampage  .   (no gloves)
Will    .....                   (no boots)
Stlth   ++++......              (no amulet)
HPRegen 0.08/turn               (no ring)
MPRegen 0.11/turn               (no ring)

@: confusing by touch
A: small, no large weapons, nightstalker 3
a: no special abilities


You were on level 4 of the Dungeon.
You visited 1 branch of the dungeon, and saw 4 of its levels.

You collected 165 gold pieces.

Inventory:

Hand Weapons
 a - a +0 dagger of draining (weapon)
 g - a +0 sling
Armour
 b - a +0 robe (worn)
Jewellery
 d - a +4 ring of evasion
Scrolls
 r - a scroll of identify
Potions
 c - 2 potions of invisibility
 e - 2 potions of might
 f - a potion of haste {unknown}
 h - a potion of curing {unknown}


   Skills:
 - Level 1.3 Short Blades
 - Level 2.4 Dodging
 - Level 4.0 Stealth
 + Level 3.4 Spellcasting
 + Level 4.0 Hexes
 + Level 1.5 Ice Magic


You had 4 spell levels left.
You knew the following spells:

 Your Spells              Type           Power      Damage    Failure   Level
a - Confusing Touch       Hex            17%        N/A       9%          3
b - Ensorcelled Hibernat  Hex/Ice        26%        N/A       8%          2

Your spell library contained the following spells:

 Spells                   Type           Power      Damage    Failure   Level
 Tukima's Dance           Hex            17%        N/A       9%          3
 Magic Dart               Conj           12%        1d3       16%         1
 Dazzling Flash           Conj/Hex       20%        N/A       21%         3
 Searing Ray              Conj           6%         2d4       24%         2
 Fulminant Prism          Conj/Hex       5%         3d7       56%         4


Dungeon Overview and Level Annotations

Branches:
Dungeon (4/15)
 Temple: D:4-7

Altars:

Annotations:
D:3 2 transporters
D:4 Grinder


Innate Abilities, Weirdness & Mutations

You are small and have problems with some larger weapons.
You are completely attuned to the shadows.


Message History

The goblin closely misses you.
You closely miss the goblin. You barely miss the goblin.
The goblin hits you but does no damage.
You hit the goblin. You drain the goblin.
The goblin is severely wounded.
The goblin hits you with a +0 dagger.
Grinder comes into view.
You closely miss the goblin.
The goblin is heavily wounded.
The goblin hits you but does no damage.
Grinder says, "Don't move a muscle."
You hit the goblin but do no damage. You drain the goblin.
You kill the goblin!
Grinder blinks!
There is a stone staircase leading up here.
You climb upwards.
Level annotation: 2 transporters
There is a stone staircase leading down here.
You start resting.
HP restored.
You climb downwards.
Level annotation: Grinder
There is a stone staircase leading up here.
Casting: Ensorcelled Hibernation (safe; 8% risk of failure)
Confirm with . or Enter, or press ? or * to list all spells.
You can't see any susceptible monsters within range! (Use Z to cast anyway.)
Casting: Ensorcelled Hibernation (safe; 8% risk of failure)
Confirm with . or Enter, or press ? or * to list all spells.
The spell is quite dangerous to miscast (9% risk of failure)!
Continue anyway? [Y]es or [N]o only, please.
The spell is quite dangerous to miscast (9% risk of failure)!
Continue anyway?
Your hands begin to glow red.
Grinder gestures at you. Pain shoots through your body!
Ouch! That really hurt!
There is a stone staircase leading up here.
Grinder gestures at you. Pain shoots through your body!
Ouch! That really hurt!
You die...

#######
.5.)..#
.....#
####@#
#<# #.#
#.# #.#
#.#


You could see Grinder.

Vanquished Creatures
  An adder (D:2)
  A worm (D:2)
  A dart slug (D:1)
  7 orcs
  4 endoplasms
  3 giant cockroaches
  7 goblins
  5 hobgoblins
  4 jackals (D:1)
  4 quokkas
  8 ball pythons
  4 bats
  3 frilled lizards
  7 kobolds
  5 rats
64 creatures vanquished.

Notes
Turn   | Place    | Note
-------+----------+-------------------------------------------
     0 | D:1      | wilfster70 the Kobold Enchanter began the quest for the
                  | Orb.
     0 | D:1      | Reached XP level 1. HP: 10/10 MP: 3/3
   507 | D:1      | Found a faded altar of an unknown god.
   530 | D:1      | Reached XP level 2. HP: 7/15 MP: 3/5
   689 | D:1      | Learned a level 2 spell: Ensorcelled Hibernation
   868 | D:1      | Reached XP level 3. HP: 10/19 MP: 7/7
  1445 | D:2      | Learned a level 3 spell: Confusing Touch
  2311 | D:2      | Reached XP level 4. HP: 18/24 MP: 3/8
  2322 | D:2      | Reached skill level 1 in Ice Magic
  3279 | D:3      | Found a transporter.
  3490 | D:3      | Found a transporter.
  4205 | D:4      | Noticed Grinder
  4252 | D:4      | Killed from afar by Grinder

Illustrated notes

Levels and vault maps discovered:
D:1:      nagdon_arrival_double_spiral, layout_loops_cross,
          chequers_ecumenical_altar_simple_redux
D:2:      layout_loops_corners
D:3:      gammafunk_steamed_eel, layout_basic, hangedman_decor_peaks_small
D:4:      minmay_general_purpose_star, layout_loops_ring, led_sif_book,
          minmay_temple_entry_slanted, grunt_ministairs_9,
          minmay_misc_feat_room, minmay_starry_boxes, uniq_sigmund,
          uniq_blork_the_orc, uniq_grinder

Skill      XL: |  1  2  3  4 |
---------------+-------------+-----
Spellcasting   | 3 |  3.4
Ice Magic      | 1 |  1.5
Hexes          | 4 |  4.0
Short Blades   | |  1.3
Dodging        | |  2.4
Stealth        | |  4.0

Action                   |  1- 3 |  4- 6 || total
-------------------------+-------+-------++-------
Melee: Dagger            |    92 |    65 ||   157
       Punch             |     1 |       ||     1
 Cast: Ensorcelled Hiber |    10 |    16 ||    26
       Confusing Touch   |       |     1 ||     1
  Use: Scroll            |     5 |     1 ||     6
 Stab: Sleeping          |    18 |    21 ||    39
Armor: Robe              |     9 |    13 ||    22
Dodge: Dodged            |    59 |    41 ||   100

Table legend: (Time is in decaauts)
 A = Elapsed time spent in this place.
 B = Non-inter-level travel time spent in this place.
 C = Inter-level travel time spent in this place.
 D = Time resting spent in this place.
 E = Time spent auto-exploring this place.
 F = Levels seen in this place.
 G = Mean time per level.
                   A        B        C        D        E       F      G
               +--------+--------+--------+--------+--------+-----+--------+
         Total |   4242 |   4152 |     90 |   1339 |   2061 |   4 | 1060.5 |
       Dungeon |   4242 |   4152 |     90 |   1339 |   2061 |   4 | 1060.5 |
               +--------+--------+--------+--------+--------+-----+--------+

Top non-repeatable levels by time:
     D:2: 1718 daAuts
     D:1: 1435 daAuts
     D:3: 1074 daAuts
     D:4: 14 daAuts
